 Dungeon Crawl Stone Soup version 0.27-a0-1187-ge80a49f48c (webtiles) character file.

Game seed: 8448444449003736317

529 Abuh the Skirmisher (level 7, -1/62 HPs)
             Began as a Hill Orc Monk on Feb 12, 2020.
             Was a Believer of Okawaru.
             Slain by Eustachio
             ... wielding a +0 rapier
              (6 damage)
             ... on level 5 of the Dungeon on May 20, 2021.
             The game lasted 00:17:43 (4286 turns).

Abuh the Skirmisher (Hill Orc Monk)                 Turns: 4286, Time: 00:17:43

Health: -1/62      AC:  5    Str: 14 (16) XL:     7   Next: 24%
Magic:  7/7        EV: 10    Int: 10      God:    Okawaru [**....]
Gold:   144        SH:  0    Dex:  5 (13) Spells: 6/6 levels left

rFire    . . .     SeeInvis .   a - +1 mace
rCold    . . .     Faith    .   (no shield)
rNeg     . . .     Spirit   .   l - +0 ring mail
rPois    .         Reflect  .   (no helmet)
rElec    .         Harm     .   (no cloak)
rCorr    .         Rampage  .   (no gloves)
Will     .....                  (no boots)
Stlth    +.........             (no amulet)
HPRegen  0.20/turn              (no ring)
MPRegen  0.10/turn              (no ring)

@: no status effects
A: no striking features
a: Renounce Religion, Heroism


You were on level 5 of the Dungeon.
You worshipped Okawaru.
Okawaru was pleased with you.
You visited 1 branch of the dungeon, and saw 5 of its levels.

You collected 144 gold pieces.

Inventory:

Hand Weapons
 a - a +1 mace (weapon)
 o - a +2 whip of freezing
Armour
 b - a +0 robe
 l - a +0 ring mail (worn)
Scrolls
 f - 2 scrolls of magic mapping
 g - 4 scrolls of identify
 h - a scroll of removedness
 k - a scroll of enchant weapon
 n - 3 scrolls of blinking
Potions
 d - a potion of haste {unknown}
 e - a potion of heal wounds {unknown}
 i - a potion of degeneration
 m - a potion of brilliance {unknown}
Comestibles
 c - 6 removed foods


   Skills:
 + Level 5.9 Fighting
 + Level 5.4 Maces & Flails
 - Level 3.7 Dodging
 - Level 3.5 Stealth


You had 6 spell levels left.
You didn't know any spells.
Your spell library contained the following spells:

 Spells                   Type           Power      Damage    Failure   Level
 Confusing Touch          Hex            0%         N/A       93%         3
 Gell's Gravitas          Tloc           0%         N/A       93%         3
 Petrify                  Tmut/Erth      0%         N/A       100%        4
 Metabolic Englaciation   Hex/Ice        0%         N/A       100%        5
 Yara's Violent Unravell  Hex/Tmut       0%         3d3       100%        5


Dungeon Overview and Level Annotations

Branches:
Dungeon (5/15)
 Temple: D:4-7

Altars:
Okawaru
Vehumet

Annotations:
D:5 Eustachio


Message History

The river rat barely misses you. The river rat closely misses you.
You hit the river rat.
The river rat is severely wounded.
The river rat bites you.
You hit the river rat but do no damage.
The river rat is severely wounded.
The river rat bites you.
* * * LOW HITPOINT WARNING * * *
You hit the river rat but do no damage.
The river rat is severely wounded.
The iron imp disappears in a puff of smoke!
The river rat bites you.
* * * LOW HITPOINT WARNING * * *
You hit the river rat.
The river rat is severely wounded.
Eustachio gestures wildly while chanting.
Eustachio blinks!
The river rat barely misses you.
You closely miss the river rat.
The river rat is severely wounded.
The quasit disappears in a puff of smoke!
The river rat closely misses you.
You closely miss the river rat.
The river rat is severely wounded.
The river rat barely misses you.
You completely miss the river rat.
The river rat is severely wounded.
The river rat bites you!
* * * LOW HITPOINT WARNING * * *
You hit the river rat.
You kill the river rat!
The river rat's corpse disappears in a puff of smoke!
Eustachio gestures wildly while chanting.
Eustachio hits you but does no damage.
You sock Eustachio!
Eustachio is moderately wounded.
Eustachio casts a spell.
Eustachio blinks!
Eustachio closely misses you. Eustachio hits you with a +0 rapier.
You die...

#### ..... ...## ....#
#.#.#...... ....## #.#.# #
###.#.#.. ...
..#..###.#.###.##......#..#
..##..##.#.............$!.
.###..#........##.....#.#.#
.###..##.#.######..#......#
####..#..#.######>....#...#.
####............@...........
##...##.####@....#####...
##..##.# #r.......$ #####.#
#...#...#.. #.# ##$.#.....
#.# #..#.#.#.. #.#
#$.#....... #.# #..#.....#.


You could see Eustachio and a rat (summoned).

Vanquished Creatures
  A necrophage (D:5)
  A phantom (D:4)
  A scorpion (D:5)
  2 hounds (D:4)
  An iguana (D:5)
  2 ghosts (D:4)
  7 adders
  A white imp (D:5)
  An endoplasm (D:3)
  An adder skeleton (D:4)
  2 worms
  A dart slug (D:3)
  An orc (D:3)
  A removed leopard gecko (D:1)
  8 giant cockroaches
  9 goblins
  4 hobgoblins
  16 jackals
  3 kobolds
  A quokka (D:2)
  2 ball pythons
  6 bats
  4 frilled lizards
  5 rats
81 creatures vanquished.

Notes
Turn   | Place    | Note
-------+----------+-------------------------------------------
     0 | D:1      | Abuh the Hill Orc Monk began the quest for the Orb.
     0 | D:1      | Reached XP level 1. HP: 19/19 MP: 1/1
   201 | D:1      | Reached XP level 2. HP: 27/27 MP: 2/2
   557 | D:1      | Reached XP level 3. HP: 32/33 MP: 3/3
   841 | D:2      | Upgraded the game from 0.25-a0-496-g8c4878dea3 to
                  | 0.25-a0-545-ge4db218afc
  1148 | D:2      | You fall into a shaft and drop 1 floor!
  1486 | D:2      | Reached XP level 4. HP: 36/40 MP: 4/4
  2006 | D:3      | Upgraded the game from 0.25-a0-545-ge4db218afc to
                  | 0.26-a0-682-g294304f6e8
  2461 | D:3      | Reached XP level 5. HP: 45/47 MP: 5/5
  2952 | D:4      | Found an iron altar of Okawaru.
  3190 | D:4      | Became a worshipper of Warmaster Okawaru
  3190 | D:4      | Reached * piety under Okawaru
  3190 | D:4      | Reached ** piety under Okawaru
  3268 | D:4      | Upgraded the game from 0.26-a0-682-g294304f6e8 to
                  | 0.27-a0-1105-g946c659c87
  3415 | D:4      | Reached XP level 6. HP: 55/55 MP: 6/6
  3428 | D:4      | Reached skill level 5 in Fighting
  3817 | D:5      | Entered Level 5 of the Dungeon
  3817 | D:5      | Noticed a necrophage
  3827 | D:5      | Killed a necrophage
  3828 | D:5      | Reached skill level 5 in Maces & Flails
  3828 | D:5      | Reached XP level 7. HP: 52/61 MP: 7/7
  3835 | D:5      | Found a radiant altar of Vehumet.
  4116 | D:5      | Upgraded the game from 0.27-a0-1105-g946c659c87 to
                  | 0.27-a0-1187-ge80a49f48c
  4119 | D:5      | Noticed Eustachio
  4286 | D:5      | Slain by Eustachio

Illustrated notes

Levels and vault maps discovered:
D:1:      dpeg_arrival_rooms_with_view, layout_basic, feat_on_display
D:2:      layout_loops_ring, minmay_stone_trees_large,
          chequers_serial_rivers_large_b
D:3:      layout_loops_ring, grunt_decor_one_mirror
D:4:      layout_basic, marbit_many_paths, xom_teletrap_fun
D:5:      lemuel_insect_pit, layout_loops_ring, nicolae_overflow_crystal_walls,
          minmay_temple_entry_from_below_a, hangedman_glass_teeth,
          hangedman_decor_lopped, kennysheep_generic_room_3, uniq_ijyb,
          uniq_eustachio

Skill      XL: |  1  2  3  4  5  6 |
---------------+-------------------+-----
Stealth        | 2 3 |  3.5
Fighting       | 4 5 |  5.9
Maces & Flails | 4 5 |  5.4
Dodging        | 3 |  3.7

Action                   |  1- 3 |  4- 6 |  7- 9 || total
-------------------------+-------+-------+-------++-------
Melee: Mace              |   144 |   229 |    70 ||   443
Invok: Heroism           |       |       |     2 ||     2
  Use: Scroll            |       |     4 |       ||     4
       Potion            |       |     3 |       ||     3
 Stab: Sleeping          |     1 |     3 |       ||     4
  Eat: Removed food      |     2 |     2 |       ||     4
Armor: Robe              |    34 |     2 |       ||    36
       Ring mail         |       |    69 |    41 ||   110
Dodge: Dodged            |   118 |   154 |    51 ||   323

Table legend: (Time is in decaauts)
 A = Elapsed time spent in this place.
 B = Non-inter-level travel time spent in this place.
 C = Inter-level travel time spent in this place.
 D = Time resting spent in this place.
 E = Time spent auto-exploring this place.
 F = Levels seen in this place.
 G = Mean time per level.
                   A        B        C        D        E       F      G
               +--------+--------+--------+--------+--------+-----+--------+
         Total |   4393 |   4274 |    119 |   1639 |   1420 |   5 |  878.6 |
       Dungeon |   4393 |   4274 |    119 |   1639 |   1420 |   5 |  878.6 |
               +--------+--------+--------+--------+--------+-----+--------+

Top non-repeatable levels by time:
     D:3: 934 daAuts
     D:4: 914 daAuts
     D:5: 477 daAuts
Note: time per level data comes from an upgraded game and may be incomplete.
